 Dungeon Crawl Stone Soup version 0.21-a0-450-gd87a9b2 (webtiles) character file.

7959 Deathtrap2010 the Cleaver (level 11, -8/84 HPs)
             Began as a Demonspawn Fighter on Nov 18, 2017.
             Was a Believer of Qazlal.
             Mangled by a death yak (22 damage)
             ... on level 9 of the Dungeon on Dec 26, 2017.
             The game lasted 00:30:15 (7806 turns).

Deathtrap2010 the Cleaver (Demonspawn Fighter)      Turns: 7806, Time: 00:30:16

Health: -8/84      AC: 17    Str: 19    XL:     11   Next: 3%
Magic:  11/11      EV: 11    Int:  9    God:    Qazlal [**....]
Gold:   324        SH: 15    Dex: 19    Spells: 10/10 levels left

rFire    + . .     SeeInvis .   a - +1 war axe (chaos)
rCold    . . .     Gourm    .   c - +1 shield
rNeg     . . .     Faith    .   r - +0 plate armour
rPois    +         Spirit   .   (helmet restricted)
rElec    .         Reflect  .   (no cloak)
rCorr    .         Harm     .   (no gloves)
MR       .....                  o - +0 pair of boots
Stlth    ..........             b - amulet of regeneration
HPRegen  0.64/turn              j - ring of poison resistance
MPRegen  0.12/turn              (no ring)

@: agile
A: horns 2, talons 1, icy blue scales 2, fire resistance 1, nightstalker 1,
powered by death 2
a: Upheaval, Renounce Religion


You were on level 9 of the Dungeon.
You worshipped Qazlal.
Qazlal was pleased with you.
You were not hungry.

You visited 2 branches of the dungeon, and saw 10 of its levels.

You collected 524 gold pieces.
You spent 200 gold pieces at shops.

Inventory:

Hand Weapons
 a - a +1 war axe of chaos (weapon)
Armour
 c - a +1 shield (worn)
 o - a +0 pair of boots (worn)
 r - a +0 plate armour (worn)
Jewellery
 b - an amulet of regeneration (around neck)
 j - a ring of poison resistance (left hand)
Wands
 s - a wand of iceblast (4/15)
Scrolls
 h - 5 scrolls of identify
 i - 5 scrolls of remove curse
 k - 4 scrolls of teleportation
 p - 2 scrolls of fear
 u - a scroll of amnesia
Potions
 d - a potion of curing
 e - a potion of flight
 n - a potion of haste
Comestibles
 f - 6 bread rations
 g - 7 fruits
 l - 5 meat rations
 m - 7 royal jellies


   Skills:
 + Level 7.1 Fighting
 + Level 10.1 Axes
 + Level 7.4 Armour
 + Level 3.6 Dodging
 + Level 1.9 Stealth
 + Level 7.3 Shields


You had 10 spell levels left.
You didn't know any spells.

Dungeon Overview and Level Annotations

Branches:
Dungeon (9/15)             Temple (1/1) D:7
   Lair: D:8-11         Orc: D:9-12

Altars:
Ashenzari
Cheibriados
Dithmenos
Elyvilon
Fedhas
Gozag
Hepliaklqana
Kikubaaqudgha
Makhleb
Nemelex Xobeh
Okawaru
Qazlal
Ru
Sif Muna
Trog
Uskayaw
Vehumet
Wu Jian
Xom
Yredelemnul
Zin
The Shining One

Shops:
D:6 (?[%:


Innate Abilities, Weirdness & Mutations

You have a pair of horns on your head.
You are mostly covered in icy blue scales. (AC +3)
You are slightly more attuned to the shadows.
You regenerate health from kills.
You have sharp toenails.
Your flesh is heat resistant. (rF+)


Message History

* * * LOW HITPOINT WARNING * * *
You hit the death yak.
The death yak looks even sicker.
You headbutt the death yak.
The death yak is heavily wounded.
Your plate armour prevents you from hitting the death yak.
The death yak is heavily wounded.
You block the death yak's attack.
You hit the death yak but do no damage.
You headbutt the death yak, but do no damage.
The death yak is severely wounded.
The death yak is no longer moving slowly.
The death yak gores you!
* * * LOW HITPOINT WARNING * * *
You hit the death yak but do no damage.
The death yak is severely wounded.
The death yak gores you but does no damage.
You hit the death yak but do no damage.
The death yak is severely wounded.
The death yak gores you!!
You die...

#......... #.........
#.†.Y..... #...o.....
#Y#'###### #Y#...
#Y#..... #Y#..$..
#@#..... .###+ #.#
#...... #.# #...... #.#
######...... #.#
#...........
#.#####...........
#.................
#######.................
#............###........


You could see 4 death yaks.

Vanquished Creatures
  2 two-headed ogres
  A death yak (D:9)
  Joseph (D:8)
  A troll (D:5)
  A hippogriff (D:7)
  Sigmund (D:5)
  A human (D:7)
  Grum (D:9)
  4 hogs (D:7)
  A water moccasin (D:5)
  Duvessa (D:7)
  4 orc warriors
  An ice beast (D:6)
  5 sky beasts
  4 ogres
  2 phantoms (D:8)
  3 centaurs
  3 wolves (D:9)
  A crocodile (D:8)
  2 bullfrogs (D:8)
  6 scorpions
  Dowan (D:7)
  7 wights
  2 howler monkeys (D:5)
  3 crimson imps
  2 centaur zombies (D:5)
  6 hounds
  A jelly (D:8)
  A quasit (D:8)
  4 orc priests
  A gnoll shaman (D:4)
  A centaur skeleton (D:6)
  An iguana (D:7)
  8 orc wizards
  9 worker ants
  A hound zombie (D:9)
  A hound skeleton (D:5)
  A mummy (D:4)
  A worker ant zombie (D:5)
  Robin (D:2)
  4 gnolls (D:4)
  A howler monkey skeleton (D:9)
  4 adders
  3 shadow imps
  An ooze (D:1)
  An adder zombie (D:7)
  2 adder skeletons (D:5)
  2 worms
  4 dart slugs
  6 leopard geckos
  30 orcs
  3 giant cockroaches
  16 goblins
  7 hobgoblins
  8 jackals
  7 kobolds
  6 quokkas
  2 ball pythons
  4 bats
  4 frilled lizards
  A jackal zombie (D:7)
  2 kobold zombies (D:4)
  2 leopard gecko skeletons
  A leopard gecko zombie (D:5)
  2 orc zombies (D:4)
  2 quokka skeletons
  6 rats
229 creatures vanquished.

Notes
Turn   | Place    | Note
-------+----------+-------------------------------------------
     0 | D:1      | Deathtrap2010 the Demonspawn Fighter began the quest for the Orb.
     0 | D:1      | Reached XP level 1. HP: 18/18 MP: 1/1
   141 | D:1      | Gained mutation: You have a pair of small horns on your head. [potion of mutation]
   141 | D:1      | Gained mutation: You are robust. (+10% HP) [potion of mutation]
   222 | D:1      | Gained mutation: You regenerate a little health from kills. [demonic ancestry]
   222 | D:1      | Reached XP level 2. HP: 21/26 MP: 2/2
   298 | D:1      | Reached skill level 2 in Axes
   595 | D:2      | Noticed Robin
   597 | D:2      | Mutation became permanent: You have a pair of small horns on your head. [demonic ancestry]
   597 | D:2      | Gained mutation: You have a pair of small horns on your head. [demonic ancestry]
   597 | D:2      | Reached XP level 3. HP: 25/31 MP: 3/3
   604 | D:2      | Killed Robin
   698 | D:2      | Gained mutation: You are partially covered in icy blue scales. (AC +2) [demonic ancestry]
   698 | D:2      | Reached XP level 4. HP: 22/38 MP: 4/4
   983 | D:2      | Found a burning altar of Makhleb.
  1348 | D:3      | Reached skill level 3 in Axes
  1353 | D:3      | Reached XP level 5. HP: 40/45 MP: 5/5
  1508 | D:3      | Lost mutation: You are robust. (+10% HP) [potion of mutation]
  1508 | D:3      | Gained mutation: You tend to lose your temper in combat. [potion of mutation]
  1508 | D:3      | Gained mutation: You have sharp toenails. [potion of mutation]
  1508 | D:3      | Gained mutation: Your flesh is heat resistant. (rF+) [potion of mutation]
  1508 | D:3      | Lost mutation: You tend to lose your temper in combat. [potion of mutation]
  2274 | D:4      | Gained mutation: You regenerate health from kills. [demonic ancestry]
  2274 | D:4      | Reached XP level 6. HP: 34/48 MP: 6/6
  2299 | D:4      | Got a slimy robe
  2300 | D:4      | Identified the +0 robe of Voneliza {+Blink rC+ rN+ MR-} (You found it on level 4 of the Dungeon)
  2482 | D:4      | Reached skill level 4 in Axes
  2659 | D:4      | Got a crude leather armour
  2660 | D:4      | Identified the +2 leather armour of the Orb Guardian {-Cast Regen+ rCorr Str+4} (You found it on level 4 of the Dungeon)
  2725 | D:4      | Gained mutation: You are mostly covered in icy blue scales. (AC +3) [demonic ancestry]
  2725 | D:4      | Reached XP level 7. HP: 30/54 MP: 7/7
  3221 | D:5      | Entered Level 5 of the Dungeon
  3235 | D:5      | Reached skill level 1 in Dodging
  3260 | D:5      | Reached skill level 5 in Axes
  3472 | D:5      | Noticed Sigmund
  3487 | D:5      | Killed Sigmund
  3487 | D:5      | Gained mutation: You are slightly more attuned to the shadows. [demonic ancestry]
  3487 | D:5      | Reached XP level 8. HP: 43/61 MP: 8/8
  3667 | D:5      | Reached skill level 5 in Armour
  3728 | D:5      | Reached skill level 6 in Axes
  4015 | D:5      | Reached skill level 5 in Fighting
  4015 | D:5      | Reached skill level 5 in Shields
  4039 | D:5      | Noticed a troll
  4049 | D:5      | Killed a troll
  4323 | D:5      | Reached skill level 7 in Axes
  4444 | D:5      | Gained mutation: You have a pair of horns on your head. [demonic ancestry]
  4444 | D:5      | Reached XP level 9. HP: 62/68 MP: 9/9
  4814 | D:6      | Found Gobek's Book Shoppe.
  4975 | D:6      | Found Yzew's Food Shoppe.
  5052 | D:6      | Found Zookitti's Magic Scroll Shoppe.
  5060 | D:6      | Bought a scroll of brand weapon for 200 gold pieces
  5079 | D:6      | Found a shimmering altar of Xom.
  5270 | D:6      | Found Rabbeoru's Armour Shoppe.
  5321 | D:6      | Found Deecel's Antique Weapon Emporium.
  5738 | D:7      | Noticed a two-headed ogre
  5743 | D:7      | Found a staircase to the Ecumenical Temple.
  5753 | D:7      | Killed a two-headed ogre
  5753 | D:7      | Reached skill level 8 in Axes
  5753 | D:7      | Reached skill level 1 in Stealth
  6045 | Temple   | Entered the Ecumenical Temple
  6127 | Temple   | Became a worshipper of Qazlal Stormbringer
  6309 | D:7      | Reached XP level 10. HP: 47/76 MP: 10/10
  6407 | D:7      | Noticed Dowan
  6408 | D:7      | Noticed Duvessa
  6415 | D:7      | Killed Dowan
  6416 | D:7      | Killed Duvessa
  6496 | D:7      | Reached * piety under Qazlal
  6736 | D:8      | Reached skill level 9 in Axes
  6920 | D:8      | Noticed Joseph
  6961 | D:8      | Killed Joseph
  7239 | D:8      | Reached ** piety under Qazlal
  7613 | D:9      | Noticed a two-headed ogre
  7624 | D:9      | Killed a two-headed ogre
  7745 | D:9      | Noticed Grum
  7756 | D:9      | Noticed a death yak
  7757 | D:9      | Noticed a death yak
  7757 | D:9      | Noticed a death yak
  7757 | D:9      | Reached skill level 10 in Axes
  7773 | D:9      | Noticed a death yak
  7775 | D:9      | Noticed a death yak
  7784 | D:9      | Killed Grum
  7790 | D:9      | Killed a death yak
  7790 | D:9      | Reached XP level 11. HP: 40/84 MP: 11/11
  7806 | D:9      | Mangled by a death yak

Vault maps used:
D:1:      elethiomel_arrival_shortcut, minmay_misc_feat_encased
D:2:      wad_pebble_path, first_bread, makhleb_heckhound_becter, uniq_robin
D:4:      kennysheep_six_static_rooms, st_stairs_9, minmay_mini_ossuary
D:5:      kennysheep_windowed_halls, minmay_crystal_water, uniq_sigmund
D:6:      xom_butterflies, serial_shops, shop_scrolls, nicolae_shop_stone, shop,
          nicolae_shop_waterfront, nicolae_shop_trees
D:7:      temple_hall, grunt_livestock, uniq_duvessa
D:8:      hangedman_abyss_or_decor_lesser_grid, uniq_joseph
D:9:      dpeg_lair_monsters, david_defended_altar_orc, uniq_grum, uniq_pikel
Temple:   nicolae_temple_the_god_donut

Skill      XL: |  1  2  3  4  5  6  7  8  9 10 |
---------------+-------------------------------+-----
Shields        | 3 4 5 6 7 |  7.3
Axes           | 2 3 4 5 7 8 10 | 10.1
Armour         | 3 4 5 6 7 |  7.4
Fighting       | 4 5 6 7 |  7.1
Dodging        | 1 2 3 |  3.6
Stealth        | 1 |  1.9

Action                   |  1- 3 |  4- 6 |  7- 9 | 10-12 || total
-------------------------+-------+-------+-------+-------++-------
Melee: War axe           |    61 |   175 |   227 |   238 ||   701
       Headbutt          |     8 |    25 |    46 |    47 ||   126
       Kick              |       |    39 |    78 |     8 ||   125
Evoke: Wand              |       |       |       |     1 ||     1
  Use: Potion            |     4 |     8 |     2 |     3 ||    17
       Scroll            |     4 |     6 |     4 |     3 ||    17
 Stab: Petrified         |       |       |     1 |       ||     1
       Confused          |       |       |       |     1 ||     1
       Petrifying        |       |       |       |     1 ||     1
       Paralysed         |       |       |       |     1 ||     1
  Eat: Bread ration      |       |     1 |     3 |     1 ||     5
       Chunk             |       |     2 |       |       ||     2
Armor: Scale mail        |    37 |   103 |    99 |    35 ||   274
       Plate armour      |       |       |       |    66 ||    66
Dodge: Dodged            |    22 |    78 |    86 |    77 ||   263
Block: Shield            |    41 |   122 |   136 |   151 ||   450

Table legend:
 A = Spawn XP
 B = Non-spawn XP
 C = Spawn XP percentage of total XP
 D = Spawn monster count
 E = Non-spawn monster count
 F = Spawn count percentage of total count
 G = Total turns spent on level
                    A         B        C        D         E        F      G
               +---------+---------+-------+---------+---------+-------+---------
         Total |       0 |   11371 |   0.0 |       0 |     229 |   0.0 |  7806
               +---------+---------+-------+---------+---------+-------+---------
           D:1 |       0 |      38 |   0.0 |       0 |      17 |   0.0 |   589
           D:2 |       0 |     143 |   0.0 |       0 |      24 |   0.0 |   594
           D:3 |       0 |      33 |   0.0 |       0 |      20 |   0.0 |   986
           D:4 |       0 |     680 |   0.0 |       0 |      36 |   0.0 |  1052
           D:5 |       0 |    1907 |   0.0 |       0 |      35 |   0.0 |  1423
           D:6 |       0 |     593 |   0.0 |       0 |      12 |   0.0 |   990
           D:7 |       0 |    3168 |   0.0 |       0 |      36 |   0.0 |   935
           D:8 |       0 |    1989 |   0.0 |       0 |      27 |   0.0 |   756
           D:9 |       0 |    2820 |   0.0 |       0 |      22 |   0.0 |   360
               +---------+---------+-------+---------+---------+-------+---------
